 Dungeon Crawl Stone Soup version 0.29.0-4-gdea44cf6ec (webtiles) character file.

Game seed: 2204712339049614142

1 qw the Sneak (level 1, -2/14 HPs)
             Began as a Gargoyle Delver on Sept 10, 2022.
             Slain by a hound (4 damage)
             ... on level 4 of the Dungeon.
             The game lasted 00:00:02 (149 turns).

qw the Sneak (Gargoyle Delver)                       Turns: 149, Time: 00:00:03

Health: -2/14      AC:  5    Str: 15    XL:     1   Next: 20%
Magic:  1/1        EV: 11    Int: 10    God:
Gold:   0          SH:  0    Dex: 11    Spells: 0/0 levels left

rFire   . . .      SeeInvis .   a - +0 hand axe
rCold   . . .      Faith    .   (no shield)
rNeg    + . .      Spirit   .   b - +0 leather armour
rPois   inf        Reflect  .   (no helmet)
rElec   +          Harm     .   (no cloak)
rCorr   .          Rampage  .   (no gloves)
Will    .....                   (no boots)
Stlth   +++.......              (no amulet)
HPRegen 0.04/turn               (no ring)
MPRegen 0.07/turn               (no ring)

@: no status effects
A: sickness immunity, AC +2, negative energy resistance 1, electricity
resistance, torment resistance 1, petrification resistance
a: no special abilities


You were on level 4 of the Dungeon.
You visited 1 branch of the dungeon, and saw 2 of its levels.


Innate Abilities, Weirdness & Mutations

You are immune to sickness and miasma.
Your stone body is resilient. (AC +2)
You are immune to poison.
You resist negative energy. (rN+)
You are resistant to electric shocks. (rElec)
You are resistant to unholy torment.
You are immune to petrification.


   Skills:
 - Level 3.2 Fighting
 + Level 1.9 Axes
 - Level 1.5 Dodging
 - Level 5.4 Stealth


You couldn't memorise any spells.
You didn't know any spells.
Your spell library was empty.

Inventory:

Hand Weapons
 a - a +0 hand axe (weapon)
Armour
 b - a +0 leather armour (worn)
Wands
 g - a wand of digging (3)
Potions
 c - a potion of curing {unknown}
 f - a potion of haste

Dungeon Overview and Level Annotations

Branches:
Dungeon (5/15)
 Temple: D:4-7

Altars:

Annotations:
D:5 3 runed translucent doors, qw's ghost, weakling GrDe


Message History

The howler monkey hoots and howls with incredible vigour!
You hear an angry hiss.
A quokka comes into view.
A hound comes into view.
The howler monkey hoots and howls with incredible vigour!
You hear a shout!
An endoplasm comes into view.
The howler monkey hoots and howls with incredible vigour!
You closely miss the hound. The hound bites you but does no damage.
The hound bites you. The quokka barely misses you.
You hit the hound but do no damage. Your punch misses the hound.
You hit the howler monkey. You closely miss the quokka.
The hound bites you but does no damage.
The howler monkey hoots and howls with incredible vigour!
The quokka bites you. The hound bites you.
You hear an angry hiss.
You hear a shout!
You hear an angry hiss.
You hit the howler monkey but do no damage.
The howler monkey is lightly wounded.
You closely miss the quokka. You hit the hound but do no damage.
The hound barely misses you. The howler monkey hits you.
The quokka closely misses you. The hound barely misses you.
The howler monkey hits you.
You hit the howler monkey.
The howler monkey is moderately wounded.
You hit the hound. You closely miss the quokka.
The quokka bites you but does no damage.
The hound bites you. The howler monkey hits you.
The quokka bites you but does no damage.
The hound closely misses you.
You hit the howler monkey but do no damage.
The howler monkey is moderately wounded.
You closely miss the quokka. You closely miss the hound.
The howler monkey barely misses you. The hound bites you but does no damage.
The quokka barely misses you. The howler monkey hits you.
You hit the howler monkey but do no damage.
The howler monkey is moderately wounded.
You barely miss the quokka. You barely miss the endoplasm.
You barely miss the hound. The hound bites you.
You die...

.......#.# .......#.#
.......#.# .......#.#
.......#.# .......#.#
..>....#.## .
..........##########....
................@h......
#........#.....rJh.#....
#........#.........# .
#........#.........#
#........#.........#
##########.........#
#.........# #.........#


You could see a howler monkey, a hound, an endoplasm and a quokka.

Vanquished Creatures
  An endoplasm (D:4)
1 creature vanquished.

Notes
Turn   | Place    | Note
-------+----------+-------------------------------------------
     0 | D:5      | qw the Gargoyle Delver began the quest for the Orb.
     0 | D:5      | Reached XP level 1. HP: 14/14 MP: 1/1
     0 | D:5      | 0 ||| qw: Version: 0.1-a-116-g5d60599
     0 | D:5      | 0 ||| qw: Game counter: 8715
     0 | D:5      | 0 ||| qw: Always use a shield: true
     0 | D:5      | 0 ||| qw: God list: Okawaru
     0 | D:5      | 0 ||| qw: Allow faded altars: false
     0 | D:5      | 0 ||| qw: Do Orc after D:15 true
     0 | D:5      | 0 ||| qw: Do second Lair branch before Depths: true
     0 | D:5      | 0 ||| qw: Lair rune preference: random
     0 | D:5      | 0 ||| qw: Plans: Normal
     0 | D:5      | 0 ||| PLANNING D:1-11
     0 | D:5      | Found a runed translucent gate.
     2 | D:5      | Found a runed translucent gate.
     3 | D:5      | Found a runed translucent gate.
     8 | D:5      | Noticed qw's ghost (weakling GrDe)
    14 | D:5      | 14 ||| DROPPING scroll of fog.
    15 | D:5      | 15 ||| DROPPING scroll of magic mapping.
    16 | D:5      | 16 ||| DROPPING scroll of fear.
   138 | D:4      | Noticed a howler monkey
   139 | D:4      | Noticed a hound
   148 | D:4      | HP: 2/14 [howler monkey (3)]
   149 | D:4      | Slain by a hound

Levels and vault maps discovered:
D:4:      layout_basic, minmay_temple_entry_sparse_star
D:5:      layout_basic, nemelex_xobeh_ov_fountains_minmay,
          gammafunk_ghost_necromancy, amethyst_killhole, uniq_grinder,
          uniq_blork_the_orc, uniq_sigmund

Action                   || total
-------------------------++-------
Melee: Hand axe          ||    13
 Stab: Sleeping          ||     1
Armor: Leather armour    ||     7
Dodge: Dodged            ||    10

Table legend:
 A = Non-vault XP
 B = Vault XP
 C = Vault XP percentage of total XP
 D = Non-vault monster count
 E = Vault monster count
 F = Vault count percentage of total count
                 A         B        C        D         E       F
            +---------+---------+-------+---------+---------+-------
      Total |       2 |       0 |   0.0 |       1 |       0 |   0.0
            +---------+---------+-------+---------+---------+-------
        D:4 |       2 |       0 |   0.0 |       1 |       0 |   0.0
            +---------+---------+-------+---------+---------+-------
